 Dungeon Crawl Stone Soup version 0.27.1-34-g3ba077fa99 (webtiles) character file.

Game seed: 5723674838019373369

298 Labrat the Magician (level 6, -1/44 HPs)
             Began as a Human Hedge Wizard on Jan 13, 2022.
             Slain by a gnoll (5 damage)
             ... on level 3 of the Dungeon.
             The game lasted 00:20:23 (6207 turns).

Labrat the Magician (Human Hedge Wizard)            Turns: 6207, Time: 00:20:24

Health: -1/44      AC:  2    Str: 11    XL:     6   Next: 62%
Magic:  2/11       EV: 13    Int: 16    God:
Gold:   132        SH:  0    Dex: 18    Spells: 7/12 levels left

rFire    . . .     SeeInvis .   r - +1 short sword (elec)
rCold    . . .     Faith    .   (no shield)
rNeg     . . .     Spirit   .   b - +0 robe
rPois    .         Reflect  .   c - +0 hat
rElec    .         Harm     .   (no cloak)
rCorr    .         Rampage  .   (no gloves)
Will     .....                  (no boots)
Stlth    ++........             (no amulet)
HPRegen  0.14/turn              e - +6 ring of dexterity
MPRegen  0.12/turn              (no ring)

@: no status effects
A: no striking features
a: no special abilities


You were on level 3 of the Dungeon.
You visited 1 branch of the dungeon, and saw 5 of its levels.

You collected 132 gold pieces.

Inventory:

Hand Weapons
 r - a +1 short sword of electrocution (weapon)
Missiles
 k - a throwing net
 q - 2 atropa-tipped darts
Armour
 b - a +0 robe (worn)
 c - a +0 hat (worn)
Jewellery
 e - a +6 ring of dexterity (left hand)
Scrolls
 a - a scroll of identify {unknown}
 f - a scroll of blinking {unknown}
 h - a scroll of enchant armour {unknown}
 j - a scroll of holy word {unknown}
 m - a scroll of teleportation {unknown}
 n - a scroll of magic mapping {unknown}
 o - a scroll of silence {unknown}
Potions
 d - a potion of haste {unknown}
 g - 3 potions of curing {unknown}
 i - a potion of invisibility {unknown}
 l - a potion of flight {unknown}


   Skills:
 + Level 2.0 Fighting
 + Level 3.1 Dodging
 - Level 2.0 Stealth
 + Level 3.5 Spellcasting
 * Level 3.3 Conjurations
 + Level 2.4 Summonings
 + Level 2.3 Translocations


You had 7 spell levels left.
You knew the following spells:

 Your Spells              Type           Power      Damage    Failure   Level
a - Magic Dart            Conj           52%        1d5       4%          1
b - Blink                 Tloc           N/A        N/A       10%         2
c - Call Imp              Summ           10%        N/A       10%         2

Your spell library contained the following spells:

 Spells                   Type           Power      Damage    Failure   Level
 Gell's Gravitas          Tloc           5%         N/A       21%         3
 Teleport Other           Tloc           10%        N/A       21%         3
 Slow                     Hex            2%         N/A       26%         2
 Conjure Flame            Conj/Fire      8%         6-21      26%         3
 Mephitic Cloud           Conj/Pois/Air  6%         N/A       34%         3
 Dispersal                Tloc           5%         N/A       100%        6


Dungeon Overview and Level Annotations

Branches:
Dungeon (5/15)
 Temple: D:4-7

Altars:
Dithmenos

Annotations:
D:4 Edmund, Grinder, Sigmund


Message History

The gnoll hits you with a +0 whip.
* * * LOW HITPOINT WARNING * * *
You see here a +0 dagger.
The gnoll hits you but does no damage. The gnoll closely misses you.
There is a stone staircase leading up here.
The gnoll hits you with a +0 whip.
* * * LOW HITPOINT WARNING * * *
You climb upwards.
There is a stone staircase leading down here.
Unknown command.
Casting: Call Imp (safe; 10% risk of failure)
Confirm with . or Enter, or press ? or * to list all spells.
You blink.
Casting: Blink (safe; 10% risk of failure)
Confirm with . or Enter, or press ? or * to list all spells.
You blink.
Casting: Blink (safe; 10% risk of failure)
Confirm with . or Enter, or press ? or * to list all spells.
You blink.
Casting: Blink (safe; 10% risk of failure)
Confirm with . or Enter, or press ? or * to list all spells.
Okay, then.
Throw: 2 throwing nets
Press: ? - help, Shift-Dir - straight line, f - gnoll
Aim: a gnoll, wielding a +0 whip (fast, 65% to hit)
You throw a throwing net. The throwing net hits the gnoll.
The gnoll is caught in the net!
The gnoll struggles against the net.
Unknown command.
The gnoll struggles against the net. x2
The net rips apart, and the gnoll comes free!
Casting: Blink (safe; 10% risk of failure)
Confirm with . or Enter, or press ? or * to list all spells.
A beastly little devil appears in a puff of frigid air.
Your white imp hits the gnoll but does no damage.
Your white imp hits the gnoll but does no damage.
Casting: Call Imp (safe; 10% risk of failure)
Confirm with . or Enter, or press ? or * to list all spells.
You blink.
The gnoll hits you with a +0 whip.
You die...

#####....####..........#
#####..#
....'....'.............#
#......#
#####....####..........#
#.###.##
....'...)'..##.........# #.#
#.# #####....#...###.......#
#.# #.# .........#...#
#.......# #.# #.##
###......#...#
#.......#######.#. #
#......#...# #.................
#
#..........###@.......######.#.
#
#..........'§g5.(.....#.#..<.#.
#
##.........#####'####.#....#.#.
# #####.....#
#.....##.#.#....#. # #.....#
#.....'..#...#..#. #
#.....###.....######'#..#. #
#.....'.'.....'.........#. #
###.....###.....###.....###. #
#.................'.....'...


You could see a gnoll (fast, ally target) and a friendly white imp (summoned).

Vanquished Creatures
  2 orc priests
  An orc wizard (D:4)
  2 adders (D:3)
  10 gnolls
  2 worms
  3 dart slugs
  4 orcs
  5 ball pythons
  5 bats
  9 endoplasms
  2 giant cockroaches
  11 goblins
  9 hobgoblins
  3 jackals (D:2)
  2 quokkas (D:3)
  A frilled lizard (D:2)
  4 kobolds
  6 rats
81 creatures vanquished.

Vanquished Creatures (collateral kills)
  A gnoll (D:2)
1 creature vanquished.

Vanquished Creatures (others)
  A plant (D:5)
1 creature vanquished.

Grand Total: 83 creatures vanquished

Notes
Turn   | Place    | Note
-------+----------+-------------------------------------------
     0 | D:1      | Labrat the Human Hedge Wizard began the quest for the Orb.
     0 | D:1      | Reached XP level 1. HP: 13/13 MP: 4/4
   193 | D:1      | Reached XP level 2. HP: 17/19 MP: 1/6
   345 | D:1      | Found a faded altar of an unknown god.
   667 | D:1      | Reached XP level 3. HP: 25/25 MP: 4/7
  1082 | D:1      | Learned a level 2 spell: Blink
  1085 | D:1      | Learned a level 2 spell: Call Imp
  1804 | D:2      | Reached XP level 4. HP: 25/31 MP: 2/8
  2061 | D:2      | Reached skill level 1 in Fighting
  2847 | D:3      | Reached XP level 5. HP: 26/37 MP: 1/9
  4959 | D:4      | Noticed Sigmund
  5327 | D:4      | Noticed Grinder
  5544 | D:3      | Reached XP level 6. HP: 21/44 MP: 9/11
  5965 | D:4      | Found a shadowy altar of Dithmenos.
  5984 | D:4      | Noticed Edmund
  6164 | D:5      | Entered Level 5 of the Dungeon
  6194 | D:4      | HP: 2/44 [gnoll (2)]
  6207 | D:3      | Slain by a gnoll

Illustrated notes

Levels and vault maps discovered:
D:1:      wander_arrival_lonely_grave, layout_rooms,
          chequers_ecumenical_altar_simple, minmay_misc_feat_tower
D:2:      layout_loops_ring
D:3:      layout_basic, grunt_decor_fettered
D:4:      layout_loops_cross, lemuel_tele_altar, uniq_edmund, uniq_natasha,
          uniq_grinder, uniq_sigmund
D:5:      layout_loops_ring, serial_bayou, serial_bayou_pond_c,
          serial_bayou_lagoon_a, serial_bayou_shore_b, serial_bayou_pond_a,
          serial_bayou_ford_a, grunt_decor_cap, uniq_eustachio

Skill      XL: |  1  2  3  4  5  6 |
---------------+-------------------+-----
Conjurations   | 2 3 |  3.3
Fighting       | 1 2 |  2.0
Summonings     | 2 |  2.4
Translocations | 2 |  2.3
Dodging        | 3 |  3.1
Stealth        | |  2.0
Spellcasting   | |  3.5

Action                   |  1- 3 |  4- 6 || total
-------------------------+-------+-------++-------
Melee: Dagger            |    35 |    90 ||   125
       Short sword       |       |    36 ||    36
Throw: Throwing net      |       |     1 ||     1
 Cast: Magic Dart        |    80 |   140 ||   220
       Call Imp          |       |     4 ||     4
       Blink             |       |     4 ||     4
 Stab: Sleeping          |     2 |     1 ||     3
Armor: Robe              |     3 |    17 ||    20
Dodge: Dodged            |    26 |    92 ||   118
